AoeStats
← xdoppiadx

Black Forest

510404198Analyzed
3v3 RM · 1d ago on Sep 30, 2026· 112m 56s· 6 players
Game mode
Random Map
Map size
Normal (6 player)
Population
200
Speed
Normal
Resources
Standard
Victory
Conquest
Starting age
Dark Age
Ending age
Imperial Age
RankedLock teamsTeams togetherTeam positionsShared explorationLock speedFull tech treeHidden civsTurbo modeCheats
Victory
Defeat
🇫🇷 Ethiopians · France
685
+12
🇷🇺 Spanish · Russia
625
+14
🇮🇹 Italians · Italy
622
+15
🇺🇸 Teutons · United States
604
-14
🇹🇷 Persians · Türkiye
602
-14
🇮🇳 Spanish · India
575
-13
Man_at_arms_rush_FC
0:28 Loom
11:49 Feudal Age
13:26 Wheelbarrow
17:59 Castle Age
17:17 Double-Bit Axe
20:04 Bow Saw
21:55 Gold Mining
22:13 Horse Collar
22:49 Stone Mining
23:28 Heavy Plow
25:32 Stone Shaft Mining
31:29 Imperial Age
30:14 Hand Cart
30:34 Town Watch
32:16 Town Patrol
32:31 Forging
32:28 Scale Barding Armor
32:15 Fletching
32:25 Padded Archer Armor
33:32 Two-Man Saw
33:41 Supremacy
32:44 Elite Conquistador
33:46 Conscription
34:11 Iron Casting
34:35 Chain Barding Armor
35:17 Bodkin Arrow
35:37 Leather Archer Armor
36:09 Caravan
36:43 Thumb Ring
37:11 Ballistics
37:52 Chemistry
37:03 Fortified Wall
36:51 Murder Holes
37:15 Bloodlines
37:05 Husbandry
38:13 Blast Furnace
38:04 Bracer
38:40 Plate Barding Armor
40:07 Ring Archer Armor
55:45 Cavalier
56:29 Scale Mail Armor
56:56 Gambesons
57:11 Squires
56:56 Arson
56:32 Pikeman
57:31 Chain Mail Armor
56:48 Paladin
60:38 Halberdier
K1NGlogman
19:40 Feudal Age
20:15 Double-Bit Axe
21:21 Horse Collar
24:11 Gold Mining
24:15 Stone Mining
26:07 Fishing Lines
29:45 Castle Age
29:35 Man-at-Arms
30:39 Bloodlines
31:47 Bow Saw
33:23 Gillnets
34:17 Heavy Plow
35:12 Stone Shaft Mining
41:12 Squires
40:33 Pikeman
41:37 Ironclad
44:36 Scale Mail Armor
44:48 Forging
47:39 Imperial Age
45:14 Arson
45:14 Gambesons
45:52 Chain Mail Armor
48:18 Capped Ram
52:11 Halberdier
58:22 Crop Rotation
64:58 Plate Mail Armor
65:04 Iron Casting
70:35 Blast Furnace
71:06 Wheelbarrow
74:15 Scale Barding Armor
75:57 Two-Man Saw
77:32 Hand Cart
76:55 Elite Teutonic Knight
81:01 Siege Engineers
101:14 Caravan
Legolas
1:20 Loom
16:45 Feudal Age
23:15 Stone Mining
23:15 Gold Mining
23:07 Horse Collar
23:16 Double-Bit Axe
26:03 Castle Age
28:55 Forging
28:46 Padded Archer Armor
28:37 Fletching
28:53 Scale Barding Armor
28:48 Scale Mail Armor
30:19 Wheelbarrow
30:29 Wheelbarrow
29:40 Town Watch
30:43 Bow Saw
31:59 Ballistics
34:06 Stone Shaft Mining
34:10 Gold Shaft Mining
34:06 Heavy Plow
35:54 Hand Cart
40:36 Imperial Age
39:49 Iron Casting
39:34 Chain Barding Armor
40:11 Caravan
40:41 Coinage
40:32 Leather Archer Armor
42:22 Conscription
42:08 Kamandaran
44:19 Blast Furnace
43:55 Plate Barding Armor
43:50 Ring Archer Armor
43:16 Bodkin Arrow
43:37 Chain Mail Armor
45:23 Two-Man Saw
44:23 Elite War Elephant
45:18 Citadels
45:52 Elite Skirmisher
48:24 Plate Mail Armor
49:35 Chemistry
49:54 Banking
54:25 Husbandry
54:36 Bloodlines
53:47 Heavy Camel Rider
53:47 Cavalier
53:48 Light Cavalry
63:11 Crossbowman
64:40 Savar
75:07 Hussar
75:28 Onager
93:11 Thumb Ring
94:39 Arson
94:54 Squires
94:15 Pikeman
94:41 Gambesons
94:16 Man-at-Arms
thi1313
9:00 Loom
10:47 Feudal Age
18:33 Castle Age
18:15 Wheelbarrow
17:32 Horse Collar
17:54 Fishing Lines
18:06 Double-Bit Axe
20:38 Bow Saw
21:15 Hand Cart
22:46 Hand Cart
23:27 Heavy Plow
32:32 Gold Mining
32:33 Stone Mining
32:41 Gillnets
36:30 Imperial Age
34:56 Ballistics
34:36 Murder Holes
34:53 Fortified Wall
38:56 Chemistry
38:35 Conscription
38:18 Torsion Engines
37:47 Onager
38:49 Halberdier
39:30 Squires
40:09 Caravan
41:56 Siege Onager
43:36 Town Watch
44:10 Siege Engineers
44:23 Forging
44:13 Scale Mail Armor
44:06 Fletching
52:43 Iron Casting
52:24 Chain Mail Armor
56:17 Blast Furnace
55:48 Plate Mail Armor
73:38 Two-Man Saw
79:59 Bodkin Arrow
88:57 Heavy Scorpion
89:58 Elite Shotel Warrior
Anubis
0:30 Loom
17:45 Feudal Age
27:05 Castle Age
28:17 Wheelbarrow
27:25 Horse Collar
29:12 Heavy Plow
29:02 Double-Bit Axe
30:36 Bow Saw
36:57 Imperial Age
34:44 Hand Cart
37:28 Fortified Wall
37:40 Ballistics
37:25 Caravan
39:17 Stone Mining
39:17 Gold Mining
38:50 Elite Conquistador
39:52 Conscription
40:08 Hoardings
41:08 Chemistry
42:17 Two-Man Saw
41:21 Arrowslits
41:33 Murder Holes
41:48 Masonry
44:48 Stone Shaft Mining
44:48 Architecture
44:20 Fletching
44:40 Forging
44:31 Scale Mail Armor
44:36 Scale Barding Armor
44:32 Padded Archer Armor
45:30 Supremacy
44:34 Onager
46:36 Iron Casting
45:57 Bodkin Arrow
46:18 Chain Mail Armor
47:56 Husbandry
47:16 Cavalier
49:02 Blast Furnace
48:02 Bracer
48:17 Leather Archer Armor
48:33 Plate Mail Armor
48:23 Chain Barding Armor
47:46 Light Cavalry
48:36 Bloodlines
49:01 Paladin
50:51 Ring Archer Armor
58:42 Plate Barding Armor
69:53 Town Watch
78:18 Sanctity
78:09 Fervor
80:34 Town Patrol
xdoppiadx
0:39 Loom
11:49 Feudal Age
12:17 Double-Bit Axe
22:08 Castle Age
21:32 Horse Collar
23:01 Bow Saw
24:04 Heavy Plow
24:10 Caravan
25:35 Stone Mining
25:39 Gold Mining
26:48 Wheelbarrow
29:31 Hand Cart
33:40 Treadmill Crane
36:42 Imperial Age
33:58 Town Watch
36:35 Town Patrol
36:52 Forging
36:42 Scale Mail Armor
36:47 Scale Barding Armor
36:55 Masonry
38:22 Stone Shaft Mining
38:18 Architecture
37:38 Heated Shot
38:09 Ballistics
38:50 Chemistry
38:38 Fortified Wall
38:13 Arrowslits
39:12 Crop Rotation
39:18 Coinage
38:56 Fishing Lines
40:43 Two-Man Saw
42:45 Silk Road
42:36 Pirotechnia
42:46 Conscription
43:02 Hoardings
43:32 Iron Casting
42:57 Scale Mail Armor
43:02 Scale Barding Armor
44:35 Banking
44:15 Guilds
45:00 Bombard Tower
44:36 Murder Holes
44:43 Gillnets
44:35 Pikeman
45:00 Arson
45:17 Squires
45:47 Guard Tower
46:24 Shipwright
46:09 Elite Genoese Crossbowman
48:03 Blast Furnace
47:18 Chain Mail Armor
47:23 Chain Barding Armor
46:54 Fletching
47:04 Padded Archer Armor
51:43 Crossbowman
52:29 Thumb Ring
52:16 Arbalester
54:40 Plate Mail Armor
54:46 Plate Barding Armor
59:15 Theocracy
58:51 Fervor
59:05 Sanctity
59:00 Redemption
60:53 Bodkin Arrow
61:14 Leather Archer Armor
61:33 Man-at-Arms
67:02 Bracer
67:32 Ring Archer Armor
72:33 Onager
87:17 Elite Skirmisher
Connection lost

Rejoining the realm…

Still unreachable

The connection could not be restored.

Session expired

The server has moved on; the page needs a fresh start.